 Dungeon Crawl Stone Soup version 0.24.0-2-g5b39cebb1c (webtiles) character file.

Game seed: 7043843141473828357, levelgen mode: deterministic

2355 Chiseanne the Sneak (level 9, -7/60 HPs)
             Began as an Octopode Air Elementalist on Oct 30, 2019.
             Was an Initiate of Gozag.
             Mangled by an orc warrior
             ... wielding a +0 halberd
              (26 damage)
             ... on level 6 of the Dungeon.
             The game lasted 00:11:27 (7183 turns).

Chiseanne the Sneak (Octopode Air Elementalist)     Turns: 7183, Time: 00:11:28

Health: -7/60      AC:  1    Str:  8    XL:     9   Next: 44%
Magic:  6/16       EV: 16    Int: 20    God:    Gozag
Gold:   453        SH:  0    Dex: 16    Spells: 15/18 levels left

rFire    . . .     SeeInvis .   a - +5 flail (holy)
rCold    . . .     Gourm    .   (no shield)
rNeg     . . .     Faith    .   (helmet restricted)
rPois    .         Spirit   .   x - amulet of harm
rElec    .         Reflect  .   q - +4 ring of dexterity
rCorr    +         Harm     +   n - ring of resist corrosion
MR       .....                  (no ring)
Stlth    +++++.....             (no ring)
HPRegen  0.20/turn              (no ring)
MPRegen  0.15/turn              (no ring)
                                (no ring)
                                (no ring)

@: gold aura
A: almost no armour, stealthy swim, amphibious, 8 rings, constrict 8, camouflage
1, gelatinous body 1
a: Potion Petition, Call Merchant, Bribe Branch, Renounce Religion


You were on level 6 of the Dungeon.
You worshipped Gozag.
Gozag was aware of your devotion.
You were full.

You visited 1 branch of the dungeon, and saw 6 of its levels.

You collected 485 gold pieces.
You paid 32 gold pieces to Gozag.

Inventory:

Hand Weapons
 a - a +5 flail of holy wrath (weapon)
 A - a +1 great sword of holy wrath
Missiles
 d - 44 poisoned darts (quivered)
 i - 40 arrows
 m - 153 stones
 t - 66 sling bullets
 y - a throwing net
 z - 35 bolts
 C - 8 javelins
Jewellery
 f - an uncursed amulet of the acrobat
 n - a ring of resist corrosion (right tentacle)
 q - a +4 ring of dexterity (left tentacle)
 x - an amulet of harm (around mantle)
Wands
 o - a wand of flame (18)
Scrolls
 c - 2 scrolls of teleportation
 g - 6 scrolls of remove curse
 u - a scroll of fog
 v - 4 scrolls of identify
 B - a scroll of enchant weapon
Potions
 e - a potion of cancellation
 h - a potion of mutation {unknown}
 j - 2 potions of invisibility {unknown}
 k - 2 potions of heal wounds {unknown}
 l - a potion of berserk rage {unknown}
 p - a potion of brilliance {unknown}
 r - 2 potions of magic
 s - 4 potions of curing
 w - a potion of flight {unknown}
Comestibles
 b - 6 rations


   Skills:
 * Level 4.9 Fighting
 * Level 5.3 Dodging
 * Level 7.6 Stealth
 * Level 5.0 Spellcasting
 * Level 5.0 Conjurations
 * Level 5.8 Air Magic


You had 15 spell levels left.
You knew the following spells:

 Your Spells              Type           Power        Failure   Level  Hunger
a - Shock                 Conj/Air       ####         1%          1    None
b - Swiftness             Chrm/Air       ###.....     5%          2    None

Your spell library contained the following spells:

 Spells                   Type           Power        Failure   Level  Hunger
 Static Discharge         Conj/Air       ####....     3%          3    ##.....
 Airstrike                Air            ####......   11%         4    ####...
 Lightning Bolt           Conj/Air       ####......   34%         5    #####..


Dungeon Overview and Level Annotations

Branches:
Dungeon (6/15)             Temple (0/1) D:4

Altars:
Ashenzari
Dithmenos
Elyvilon
Gozag
Kikubaaqudgha
Qazlal
Uskayaw
Xom

Annotations:
D:3 2 transporters, martbhell's ghost, amateur MiAK


Innate Abilities, Weirdness & Mutations

You cannot wear most types of armour.
You are very stealthy in the water. (Stealth+)
You are amphibious.
You can wear up to eight rings at the same time.
You can use your tentacles to constrict eight enemies at once.
Your skin changes colour to match your surroundings (Stealth+).
Your rubbery body absorbs attacks. (AC +1, EV +1)


Message History

The orc warrior shouts!
Casting: Shock (safe; 1% risk of failure)
Confirm with . or Enter, or press ? or * to list all spells.
Aiming: Shock (safe; 1% risk of failure)
Press: ? - help, Shift-Dir - straight line The zap hits the orc warrior but does no damage.
The orc warrior is almost dead.
The orc warrior is no longer distracted by gold.
The zap hits the orc wizard.
You kill the orc wizard!
Your Spellcasting skill increases to level 5!
You feel a bit more experienced. The orc warrior closely misses you.
Casting: Shock (safe; 1% risk of failure)
Confirm with . or Enter, or press ? or * to list all spells.
Aiming: Shock (safe; 1% risk of failure)
Press: ? - help, Shift-Dir - straight line The zap misses the orc warrior.
The orc warrior hits you from afar with a +0 halberd!!
You die...
Your body crumbles into a pile of gold.

..# .. # ### #. #
#.# $ # #.### #$
#####...# ###o###
#....#.# #...$.#
####.#.# #@##
####.#.## #..#
##.......# ##.#
.........## #.#
##........#######.##
#..............#..#
#.....########.##.##
#............#.##..#
#............#.###.#


You could see an orc warrior.

Vanquished Creatures
  Pikel (D:3)
  Grinder (D:3)
  A dream sheep (D:5)
  A steam dragon (D:5)
  Edmund (D:4)
  A sky beast (D:6)
  3 ice beasts
  Blork the orc (D:5)
  A bullfrog (D:6)
  3 wights (D:6)
  3 howler monkeys (D:5)
  A quasit (D:6)
  2 orc priests
  A jelly (D:2)
  3 orc wizards
  2 bullfrog skeletons
  Ijyb (D:3)
  An iguana (D:6)
  Natasha (twice) (D:3)
  2 worker ants (D:5)
  A hound zombie (D:6)
  Robin (D:2)
  6 adders
  An adder skeleton (D:6)
  A dart slug (D:1)
  2 leopard geckos (D:1)
  9 orcs
  7 giant cockroaches
  11 goblins
  8 hobgoblins
  5 jackals
  A kobold (D:3)
  3 quokkas
  A ball python (D:2)
  12 bats
  5 frilled lizards
  A quokka skeleton (D:6)
  7 rats
114 creatures vanquished.

Vanquished Creatures (others)
  4 dream sheep (D:5)
  A leopard gecko (D:4)
5 creatures vanquished.

Grand Total: 119 creatures vanquished

Notes
Turn   | Place    | Note
-------+----------+-------------------------------------------
     0 | D:1      | Chiseanne the Octopode Air Elementalist began the quest for
                  | the Orb.
     0 | D:1      | Reached XP level 1. HP: 11/11 MP: 3/3
   612 | D:1      | Reached XP level 2. HP: 18/18 MP: 0/5
   767 | D:1      | Reached skill level 3 in Stealth
  1346 | D:1      | Reached XP level 3. HP: 20/22 MP: 6/6
  1600 | D:2      | Found a stormy altar of Qazlal.
  1714 | D:2      | Reached skill level 1 in Fighting
  2010 | D:2      | Noticed Robin
  2019 | D:2      | Killed Robin
  2022 | D:2      | Reached XP level 4. HP: 15/28 MP: 1/7
  2708 | D:2      | Reached XP level 5. HP: 33/33 MP: 0/8
  3163 | D:3      | Noticed Natasha
  3172 | D:3      | Killed Natasha
  3273 | D:3      | Noticed Ijyb
  3286 | D:3      | Killed Ijyb
  3368 | D:3      | Found a transporter.
  3368 | D:3      | Noticed martbhell's ghost (amateur MiAK)
  3370 | D:3      | Found a transporter.
  3372 | D:3      | Noticed a hippogriff
  3396 | D:3      | Found an opulent altar of Gozag.
  3412 | D:3      | Noticed Natasha
  3422 | D:3      | Killed Natasha
  3422 | D:3      | Reached skill level 4 in Stealth
  3574 | D:3      | Noticed Grinder
  3600 | D:3      | Killed Grinder
  3600 | D:3      | Reached XP level 6. HP: 41/41 MP: 10/10
  3815 | D:3      | Found an ancient bone altar of Kikubaaqudgha.
  4060 | D:3      | Reached XP level 7. HP: 41/45 MP: 2/11
  4218 | D:3      | Became a worshipper of Gozag Ym Sagoz the Greedy
  4317 | D:4      | Noticed Pikel
  4323 | D:4      | Noticed Edmund
  4366 | D:3      | Killed Pikel
  4366 | D:3      | Reached skill level 5 in Stealth
  4366 | D:3      | Reached XP level 8. HP: 26/52 MP: 11/13
  4725 | D:4      | Found a staircase to the Ecumenical Temple.
  4744 | D:4      | Killed Edmund
  4831 | D:4      | Found a shadowy altar of Dithmenos.
  4997 | D:5      | Entered Level 5 of the Dungeon
  5117 | D:5      | Reached skill level 6 in Stealth
  5130 | D:5      | Reached skill level 5 in Air Magic
  5131 | D:5      | Found a shattered altar of Ashenzari.
  5366 | D:5      | Learned a level 2 spell: Swiftness
  5393 | D:5      | Found a white marble altar of Elyvilon.
  5568 | D:5      | Noticed Blork the orc
  5574 | D:5      | Killed Blork the orc
  5728 | D:5      | Noticed a dream sheep
  5728 | D:5      | Noticed a dream sheep
  5728 | D:5      | Noticed a dream sheep
  5728 | D:5      | Noticed a dream sheep
  5728 | D:5      | Noticed a dream sheep
  5728 | D:5      | Found a shimmering altar of Xom.
  5732 | D:5      | Killed a dream sheep
  5732 | D:5      | Killed a dream sheep
  5732 | D:5      | Killed a dream sheep
  5732 | D:5      | Killed a dream sheep
  5733 | D:5      | Killed a dream sheep
  5827 | D:5      | Reached XP level 9. HP: 44/59 MP: 15/15
  5935 | D:5      | Noticed a +0 hand axe
  5935 | D:5      | Noticed a +0 hand axe
  5939 | D:5      | Found a hide-covered altar of Uskayaw.
  6137 | D:5      | Found an opulent altar of Gozag.
  6263 | D:6      | Reached skill level 7 in Stealth
  6381 | D:6      | Reached skill level 5 in Dodging
  7179 | D:6      | Reached skill level 5 in Conjurations
  7182 | D:6      | Reached skill level 5 in Spellcasting
  7183 | D:6      | Mangled by an orc warrior

Levels and vault maps discovered:
D:1:      erik_arrival_triangle_medium, layout_basic
D:2:      layout_basic, nicolae_qazlal_general_emergency, uniq_robin
D:3:      lemuel_upstairs_altar, layout_loops_ring, lemuel_doored_altar,
          first_ration, gammafunk_ghost_arena, nicolae_gozag_seed_capital,
          uniq_ijyb, uniq_natasha, uniq_grinder
D:4:      layout_rooms, old_standard_altar, minmay_temple_entry_enclosed_plants,
          uniq_edmund, uniq_pikel
D:5:      layout_basic, ashenzari_conservatory_becter, elyvilon_altar_5,
          lemuel_coloured_pillars_altar, dancing_weapons_uskayaw,
          kb_xom_exploding_sheep, uniq_blork_the_orc
D:6:      layout_loops_ring, serial_co_window_serial, co_window_corner_a,
          co_window_paths_a, co_window_paths_a, co_window_paths_a,
          co_window_corner_a, co_window_corner_a, co_window_paths_b,
          co_window_paths_b, co_window_of_opportunity_a, co_window_paths_c,
          co_window_broadway_b, co_window_2corner, co_window_corner_cb,
          co_window_of_opportunity_c, glass_columns_b, glass_columns_a,
          glass_columns_c

Skill      XL: |  1  2  3  4  5  6  7  8  9 |
---------------+----------------------------+-----
Stealth        | 3 4 5 6 7 |  7.6
Fighting       | 1 2 3 4 |  4.9
Conjurations   | 2 3 4 5 |  5.0
Dodging        | 3 4 5 |  5.3
Spellcasting   | 3 4 5 |  5.0
Air Magic      | 4 5 |  5.8

Action                   |  1- 3 |  4- 6 |  7- 9 || total
-------------------------+-------+-------+-------++-------
Melee: Unarmed           |     3 |       |       ||     3
       Constrict         |     8 |     9 |     4 ||    21
       Club              |    21 |    33 |     1 ||    55
       Tentacles         |     4 |    11 |     5 ||    20
       Flail             |       |       |    31 ||    31
Throw: Dart              |       |     1 |       ||     1
 Cast: Shock             |    43 |    82 |   116 ||   241
       Swiftness         |       |       |     1 ||     1
Invok: Potion Petition   |       |       |     1 ||     1
Evoke: Wand              |       |     3 |    10 ||    13
  Use: Scroll            |     6 |     4 |     3 ||    13
       Potion            |     2 |       |       ||     2
 Stab: Sleeping          |     1 |       |     5 ||     6
       Paralysed         |       |    12 |       ||    12
  Eat: Chunk             |     3 |     7 |     1 ||    11
       Ration            |       |       |     4 ||     4
Armor: Skin              |     2 |     1 |     4 ||     7
Dodge: Dodged            |    20 |    24 |    42 ||    86
